 Dungeon Sprint DCSS version bcrawl-1.27.6 (webtiles) character file.

Game seed: 14767142936244184858

1103418 Groucho the Acrobat (level 13, 43/79 HPs)
             Began as a Spriggan Enchanter on Oct 4, 2020.
             Was the Champion of Dithmenos.
             Escaped with the Orb!
             The game lasted 00:42:32 (6236 turns).

Groucho the Acrobat (Spriggan Enchanter)            Turns: 6236, Time: 00:42:32

Health: 43/79      AC:  5    Str:  4    XL:     13   Next: 70%
Magic:  26/42      EV: 37    Int: 20    God:    Dithmenos [******]
Gold:   3913       SH:  5    Dex: 18    Spells: 18/43 levels left

rFire    + + .     SeeInvis +   r - +3 dagger (venom)
rCold    + . .     Gourm    .   (shield restricted)
rNeg     . . .     Faith    .   b - +1 robe
rPois    +         Spirit   .   v - +2 hat
rElec    .         Reflect  +   m - scarf {rC+ rF+}
rCorr    .         Harm     .   (gloves unavailable)
MR       ++...     NoTele   +   (boots unavailable)
Stlth    +++++.....             f - +5 amulet of reflection
HPRegen  0.23/turn              s - ring "Emed" {rPois MP+9}
MPRegen  0.28/turn              t - ring of protection from fire

@: wreathed by umbra, very quick
A: very small, unfitting armour, see invisible, herbivore, speed 3, slow
metabolism 2
0: Orb of Zot
a: Shadow Step, Shadow Form, Renounce Religion


You escaped.
You worshipped Dithmenos.
Dithmenos was exalted by your worship.
You were not hungry.

You visited 1 branch You collected 6823 gold pieces.
You spent 2910 gold pieces at shops.

Inventory:

Hand Weapons
 g - a +2 dagger of venom (quivered)
 r - a +3 dagger of venom (weapon)
Armour
 b - a +1 robe (worn)
 m - a scarf of resistance (worn)
 q - the +0 robe of Insatiable Hunger {rPois Int-3 SInv, unknown}
   (You found it in the Dungeon)

   It affects your intelligence (-3).
   It protects you from poison.
   It lets you see invisible.
 v - a +2 hat (worn)
Jewellery
 f - a +5 amulet of reflection (around neck)
 o - an uncursed amulet of rage
 s - the ring "Emed" (left hand) {rPois MP+9}
   (You bought it in a shop in the Dungeon)

   [ring of magical power]

   It protects you from poison.
   It affects your magic capacity (+9).
 t - a ring of protection from fire (right hand)
 x - the amulet of Accord {Acrobat rC- Str+3 Dex+4, unknown}
   (You found it in the Dungeon)

   [amulet of the acrobat]

   It helps you evade while moving and waiting.
   It affects your strength (+3).
   It affects your dexterity (+4).
   It makes you vulnerable to cold.
 y - an uncursed ring of protection from magic {unknown}
Wands
 c - a wand of polymorph (12)
 l - a wand of digging (3)
 u - a wand of paralysis (12)
Scrolls
 a - 2 scrolls of fear
 d - a scroll of fog
 h - a scroll of identify
 k - a scroll of remove curse
Potions
 i - 4 potions of haste
 j - a potion of magic
 p - a potion of curing
 w - a potion of berserk rage
Miscellaneous
 n - a phial of floods
Comestibles
 e - 4 rations {!d}


   Skills:
 + Level 14.0 Fighting
 - Level 14.0 Short Blades
 + Level 23.0 Dodging
 - Level 17.6 Stealth
 - Level 15.7 Spellcasting
 - Level 14.0 Hexes
 - Level 10.0 Charms
 + Level 13.5 Ice Magic


You had 18 spell levels left.
You knew the following spells:

 Your Spells              Type           Power        Failure   Level  Hunger
a - Corona                Hex            ######.      0%          1    None
b - Ensorcelled Hibernat  Hex/Ice        ######       1%          2    None
c - Confuse               Hex            ######..     1%          3    None
d - Dazzling Orbs         Conj/Hex       #####..      1%          3    None
e - Tukima's Dance        Hex            ######..     1%          3    None
f - Ozocubu's Armour      Chrm/Ice       ######..     1%          3    None
g - Throw Icicle          Conj/Ice       #####...     2%          4    None
h - Throw Frost           Conj/Ice       #####.       1%          2    None
i - Ice Form              Ice/Tmut       #####...     2%          4    None

Your spell library contained the following spells:

 Spells                   Type           Power        Failure   Level  Hunger
 Freeze                   Ice            ######       0%          1    None
 Summon Ice Beast         Ice/Summ       #####...     2%          4    None
 Beastly Appendage        Tmut           ###...       3%          1    None
 Passwall                 Tmut/Erth      ###.....     6%          2    None
 Sticks to Snakes         Tmut           ###.....     6%          2    None
 Summon Mana Viper        Hex/Summ       #####...     6%          5    None
 Call Canine Familiar     Summ           ###.....     12%         3    None
 Spider Form              Tmut/Pois      ###          12%         3    None
 Blade Hands              Tmut           ###.......   71%         5    None
 Summon Hydra             Summ           ###.......   99%         6    ##.....
 Monstrous Menagerie      Summ           ###.......   100%        7    ####...


Dungeon Overview and Level Annotations

Branches:
Dungeon (1/1)

Altars:
Cheibriados
Dithmenos
Elyvilon
Fedhas
Gozag
Hepliaklqana
Kikubaaqudgha
Lugonu
Makhleb
Nemelex Xobeh
Okawaru
Qazlal
Ru
Sif Muna
Trog
Uskayaw
Vehumet
Wu Jian
Xom
Yredelemnul
Zin
The Shining One
Jiyva

Shops:
D %[%*!==!}%?[:%}=[(([*(

Annotations:
D Tiamat


Innate Abilities, Weirdness & Mutations

You are very small and have problems with some larger weapons.
You are too small for most types of armour.
You have supernaturally acute eyesight. (SInv)
You are a herbivore.
You cover ground extremely quickly.
You need to consume almost no food.


Message History

Press: ? - help, Shift-Dir - straight line, f/p - large abomination
Aim: a large abomination (lightly damaged, umbra)
The radiant glob misses the large abomination.
The large abomination completely misses you.
Casting: Dazzling Orbs (safe; 1% risk of failure)
Confirm with . or Enter, or press ? or * to list all spells.
Aiming: Dazzling Orbs (safe; 1% risk of failure)
Press: ? - help, Shift-Dir - straight line, f/p - large abomination
Aim: a large abomination (lightly damaged, umbra)
The radiant glob misses the large abomination.
The large abomination hits you!!
You emit a cloud of dark smoke.
Casting: Dazzling Orbs (safe; 1% risk of failure)
Confirm with . or Enter, or press ? or * to list all spells.
Aiming: Dazzling Orbs (safe; 1% risk of failure)
Press: ? - help, Shift-Dir - straight line, f/p - large abomination
Aim: a large abomination (black smoke, lightly damaged, umbra)
The radiant glob misses the large abomination.
You block the large abomination's attack.
There is a staircase leading out of the dungeon here.
You have escaped!

##################
#@.#.)'..#.)'..#__
#§.'..#.)'..#..'^.
#X.#####+#####'#__
#.§####..#...#.###
#§§#__####..##)#§≈
#§§#_____##'#_.'§§
#§§#_.∩)..'..._#§≈
#§§§_..__##_.#'##+
#..#_____###'#)#..


You could see a large abomination.

Vanquished Creatures
  the Lernaean hydra (D)
  A golden dragon (D)
  An Orb Guardian (D)
  A deep elf master archer (D)
  A daeva (D)
  A shadow dragon (D)
  4 fire giants (D)
  A lorocyproca (D)
  A deep elf annihilator (D)
  A mummy priest (D)
  2 centaur warriors (D)
  A hydra (D)
  Sonja (D)
  A deep troll (D)
  7 unseen horrors (D)
  A lindwurm (D)
  8 shining eyes (D)
  2 oklob plants (D)
  A merfolk siren (D)
  A gargoyle (D)
  2 kobold demonologists (D)
  4 demonic crawlers (D)
  A hellwing (D)
  A meliai (D)
  4 hornets (D)
  A slime creature (D)
  Sigmund (D)
  2 redbacks (D)
  A yak (D)
  13 hogs (D)
  7 floating eyes (D)
  7 necrophages (D)
  An ogre (D)
  8 jellies (D)
  Ijyb (D)
  4 ballistomycetes (D)
96 creatures vanquished.

Vanquished Creatures (others)
  A merfolk siren (D)
  A gargoyle (D)
  A hornet (D)
  2 ballistomycete spores (D)
5 creatures vanquished.

Grand Total: 101 creatures vanquished

Notes
Turn   | Place    | Note
-------+----------+-------------------------------------------
     0 | D        | Groucho the Spriggan Enchanter began the quest for the Orb.
     0 | D        | Reached XP level 1. HP: 9/9 MP: 5/5
     2 | D        | Noticed Ijyb
    10 | D        | Killed Ijyb
    10 | D        | Reached skill level 5 in Hexes
    10 | D        | Reached XP level 2. HP: 6/13 MP: 6/8
   343 | D        | Noticed an ogre
   345 | D        | Killed an ogre
   345 | D        | Reached skill level 10 in Stealth
   345 | D        | Reached XP level 3. HP: 16/16 MP: 8/11
   345 | D        | Reached XP level 4. HP: 21/21 MP: 9/13
   549 | D        | Noticed Sigmund
   551 | D        | Killed Sigmund
   551 | D        | Reached XP level 5. HP: 24/24 MP: 14/16
   571 | D        | Found a burning altar of Makhleb.
   571 | D        | Found a viscous altar of Jiyva.
   571 | D        | Found a shimmering altar of Xom.
   571 | D        | Found a corrupted altar of Lugonu.
   571 | D        | Noticed a slime creature
   573 | D        | Found an ornate altar of the Wu Jian Council.
   573 | D        | Found a shimmering blue altar of Sif Muna.
   575 | D        | Found a radiant altar of Vehumet.
   579 | D        | Reached XP level 6. HP: 28/28 MP: 18/18
   587 | D        | Learned a level 2 spell: Ensorcelled Hibernation
   591 | D        | Learned a level 3 spell: Confuse
   619 | D        | Found Liutoez's General Store.
   619 | D        | Found an ancient bone altar of Kikubaaqudgha.
   619 | D        | Found a hazy altar of Hepliaklqana.
   619 | D        | Found a stormy altar of Qazlal.
   619 | D        | Found a hide-covered altar of Uskayaw.
   619 | D        | Found a blossoming altar of Fedhas.
   619 | D        | Found a bloodstained altar of Trog.
   619 | D        | Found an iron altar of Okawaru.
   619 | D        | Found a basalt altar of Yredelemnul.
   619 | D        | Found a glowing golden altar of the Shining One.
   619 | D        | Found a snail-covered altar of Cheibriados.
   619 | D        | Found a sacrificial altar of Ru.
   619 | D        | Found a glowing silver altar of Zin.
   619 | D        | Found a shadowy altar of Dithmenos.
   619 | D        | Found a white marble altar of Elyvilon.
   619 | D        | Noticed a yak
   620 | D        | Found an opulent altar of Gozag.
   621 | D        | Killed a yak
   621 | D        | Reached skill level 15 in Stealth
   622 | D        | Found a sparkling altar of Nemelex Xobeh.
   630 | D        | Became a worshipper of Dithmenos the Shadowed
   650 | D        | Killed a slime creature
   650 | D        | Reached skill level 1 in Fighting
   650 | D        | Reached skill level 4 in Dodging
   650 | D        | Reached XP level 7. HP: 33/33 MP: 20/20
   681 | D        | Noticed a centaur warrior
   681 | D        | Noticed a centaur warrior
   682 | D        | Killed a centaur warrior
   682 | D        | Reached skill level 8 in Dodging
   682 | D        | Reached skill level 10 in Spellcasting
   682 | D        | Reached XP level 8. HP: 39/39 MP: 21/23
   683 | D        | Killed a centaur warrior
   683 | D        | Reached * piety under Dithmenos
   683 | D        | Reached skill level 9 in Dodging
   705 | D        | Noticed a hornet
   708 | D        | Killed a hornet
   708 | D        | Reached skill level 10 in Dodging
   708 | D        | Reached XP level 9. HP: 45/45 MP: 24/24
   716 | D        | Noticed an oklob plant
   974 | D        | Killed an oklob plant
   979 | D        | Learned a level 3 spell: Dazzling Orbs
   983 | D        | Learned a level 3 spell: Tukima's Dance
   989 | D        | Reached ** piety under Dithmenos
   989 | D        | Reached skill level 11 in Dodging
  1022 | D        | Noticed an unseen horror
  1022 | D        | Noticed an unseen horror
  1037 | D        | Killed an unseen horror
  1037 | D        | Reached skill level 10 in Short Blades
  1037 | D        | Reached skill level 12 in Dodging
  1039 | D        | Killed an unseen horror
  1039 | D        | Reached *** piety under Dithmenos
  1039 | D        | Reached skill level 5 in Fighting
  1039 | D        | Reached XP level 10. HP: 39/51 MP: 16/26
  1045 | D        | Killed a gargoyle
  1364 | D        | Reached **** piety under Dithmenos
  1491 | D        | Reached ***** piety under Dithmenos
  1491 | D        | Reached skill level 13 in Dodging
  1529 | D        | Found Senkor's Distillery.
  1529 | D        | Found Atzen's Jewellery Shop.
  1529 | D        | Found Tanouck's Gadget Boutique.
  1531 | D        | Found Guvun's Food Emporium.
  1531 | D        | Found Jenerch's Magic Scroll Shop.
  1531 | D        | Found Gecanaad's Armour Shoppe.
  1531 | D        | Found Rufegodd's Book Boutique.
  1531 | D        | Found Wiudgh's Food Emporium.
  1531 | D        | Found Feoblan's Gadget Shop.
  1531 | D        | Found Magiumm's Jewellery Shoppe.
  1535 | D        | Found Ucveg's Armour Boutique.
  1536 | D        | Found Jonwyuckoi's Antique Weapon Emporium.
  1536 | D        | Found Utionye's Weapon Boutique.
  1537 | D        | Found Ulaushre's Assorted Antiques.
  1541 | D        | Bought a wand of digging (9) for 280 gold pieces
  1543 | D        | Bought a scarf of resistance for 384 gold pieces
  1551 | D        | Bought a paperback book for 315 gold pieces
  1555 | D        | Learned a level 3 spell: Ozocubu's Armour
  1567 | D        | Bought a potion of flight for 56 gold pieces
  1613 | D        | Noticed a deep troll
  1615 | D        | Killed a deep troll
  1627 | D        | Found Pury's Armour Emporium.
  1641 | D        | Noticed Sonja
  1644 | D        | Killed Sonja
  1644 | D        | Reached skill level 14 in Dodging
  1660 | D        | Found Nygopeng's Food Boutique.
  1843 | D        | Reached ****** piety under Dithmenos
  1886 | D        | Reached skill level 15 in Dodging
  1886 | D        | Reached skill level 5 in Charms
  2250 | D        | Noticed a lindwurm
  2252 | D        | Killed a lindwurm
  2252 | D        | Reached XP level 11. HP: 58/58 MP: 28/28
  2297 | D        | Reached skill level 16 in Dodging
  2564 | D        | Noticed a 12-headed hydra
  2566 | D        | Killed a 12-headed hydra
  2632 | D        | Noticed a shadow dragon
  2633 | D        | Noticed a golden dragon
  2635 | D        | Killed a shadow dragon
  2637 | D        | Killed a golden dragon
  2637 | D        | Reached skill level 18 in Dodging
  2637 | D        | Reached skill level 10 in Charms
  2637 | D        | Reached skill level 5 in Ice Magic
  2637 | D        | Reached XP level 12. HP: 67/67 MP: 29/31
  2715 | D        | Found Uwesatogh's Antique Weapon Shoppe.
  2776 | D        | Bought a runed dagger for 130 gold pieces
  2808 | D        | Learned a level 4 spell: Throw Icicle
  2818 | D        | Learned a level 2 spell: Throw Frost
  2874 | D        | Bought the ring "Emed" {rPois MP+9} for 478 gold pieces
  2877 | D        | Bought an uncursed ring of protection from fire for 350
                  | gold pieces
  2909 | D        | Reached skill level 10 in Fighting
  2919 | D        | Paralysed by a floating eye for 2 turns
  2923 | D        | Lost strength.
  2927 | D        | Reached skill level 15 in Spellcasting
  2942 | D        | Paralysed by a floating eye for 2 turns
  2952 | D        | Paralysed by a floating eye for 4 turns
  2963 | D        | Reached skill level 19 in Dodging
  2964 | D        | Paralysed by a floating eye for 4 turns
  2980 | D        | Found Suishife's Antique Armour Shoppe.
  2980 | D        | Found Zuulakoz's Distillery.
  2980 | D        | Found Siplas's Food Emporium.
  2980 | D        | Found Anamoh's Jewellery Boutique.
  3346 | D        | Bought a glowing hat for 182 gold pieces
  3346 | D        | Bought an embroidered hat for 182 gold pieces
  3446 | D        | Noticed a lorocyproca
  3448 | D        | Killed a lorocyproca
  3512 | D        | Noticed a daeva
  3517 | D        | Killed a daeva
  3554 | D        | Reached skill level 10 in Ice Magic
  3560 | D        | Noticed a fire giant
  3561 | D        | Noticed a fire giant
  3561 | D        | Noticed a fire giant
  3561 | D        | Noticed a fire giant
  3562 | D        | Killed a fire giant
  3562 | D        | Reached skill level 20 in Dodging
  3564 | D        | Killed a fire giant
  3564 | D        | Reached XP level 13. HP: 70/75 MP: 33/33
  3566 | D        | Killed a fire giant
  3568 | D        | Killed a fire giant
  3568 | D        | Reached skill level 21 in Dodging
  3664 | D        | Bought a scroll of remove curse for 42 gold pieces
  3664 | D        | Bought a scroll of remove curse for 42 gold pieces
  3664 | D        | Bought a scroll of identify for 28 gold pieces
  3758 | D        | Noticed a deep elf annihilator
  3812 | D        | Killed a deep elf annihilator
  4223 | D        | Noticed a mummy priest
  4225 | D        | Killed a mummy priest
  4337 | D        | Bought a +5 amulet of reflection for 441 gold pieces
  4430 | D        | Noticed the 27-headed Lernaean hydra
  4431 | D        | Noticed a deep elf master archer
  4432 | D        | Killed the 27-headed Lernaean hydra
  4432 | D        | Reached skill level 22 in Dodging
  4440 | D        | Killed a deep elf master archer
  4473 | D        | Learned a level 4 spell: Ice Form
  5774 | D        | Got a shadowed robe
  5776 | D        | Got a translucent crystal amulet
  6070 | D        | Identified the +4 dragonskin cloak
  6070 | D        | Noticed Tiamat
  6072 | D        | Got the Orb of Zot
  6073 | D        | Noticed an Ice Fiend
  6121 | D        | Noticed an Orb Guardian
  6148 | D        | Killed an Orb Guardian
  6148 | D        | Reached skill level 23 in Dodging
  6236 | D        | Escaped with the Orb!

Skill      XL: |  1  2  3  4  5  6  7  8  9 10 11 12 13 |
---------------+----------------------------------------+-----
Stealth        | 8 10 13 14 15 16 17 | 17.6
Spellcasting   | 4 6 7 8 9 10 11 12 14 15 | 15.7
Hexes          | 5 6 8 9 11 12 13 14 | 14.0
Fighting       | 1 2 3 5 7 9 12 14 | 14.0
Short Blades   | 3 6 8 10 13 14 | 14.0
Dodging        | 4 8 10 12 15 18 20 23 | 23.0
Charms         | 5 10 | 10.0
Ice Magic      | 5 10 13 | 13.5

Action                   |  1- 3 |  4- 6 |  7- 9 | 10-12 | 13-15 || total
-------------------------+-------+-------+-------+-------+-------++-------
Melee: Dagger            |     7 |     4 |    15 |   186 |    36 ||   248
 Cast: Ensorcelled Hiber |       |       |     5 |    22 |     4 ||    31
       Confuse           |       |       |     2 |     4 |     7 ||    13
       Dazzling Orbs     |       |       |       |    22 |    19 ||    41
       Ozocubu's Armour  |       |       |       |     1 |       ||     1
       Ice Form          |       |       |       |       |     3 ||     3
       Throw Icicle      |       |       |       |       |     1 ||     1
Invok: Shadow Step       |       |       |       |     3 |     3 ||     6
 Abil: End Transformatio |       |       |       |       |     3 ||     3
Evoke: Wand              |       |       |       |     4 |     2 ||     6
  Use: Potion            |     2 |       |       |     3 |     4 ||     9
       Scroll            |       |       |     1 |       |     7 ||     8
 Stab: Sleeping          |     1 |     4 |     8 |    44 |     4 ||    61
       Confused          |       |       |     2 |     4 |     2 ||     8
       Invisible         |       |       |       |    13 |     9 ||    22
  Eat: Ration            |       |       |       |     1 |     1 ||     2
Armor: Robe              |       |       |       |     1 |     2 ||     3
Dodge: Dodged            |     2 |       |    12 |   126 |    55 ||   195
Block: Other             |       |       |       |       |     2 ||     2
